 Seeded DCSS version 0.29.1-15-g9cfb28693d (webtiles) character file.

Game seed: 10705080513492541372 (custom seed)

170 Psyclone the Covert (level 5, -5/31 HPs)
             Began as an Octopode Enchanter on Sept 25, 2023.
             Was an Initiate of Gozag.
             Killed from afar by an orc wizard (7 damage)
             ... with a puff of flame
             ... on level 4 of the Dungeon.
             The game lasted 00:05:20 (2959 turns).

Psyclone the Covert (Octopode Enchanter)            Turns: 2959, Time: 00:05:21

Health: -5/31      AC:  1    Str:  7    XL:     5   Next: 51%
Magic:  17/17      EV: 13    Int: 20    God:    Gozag
Gold:   115        SH:  0    Dex: 18    Spells: 6/8 levels left

rFire   . . .      SeeInvis .   p - +10 dagger of Grandeur {holy, rElec MP+9}
rCold   . . .      Faith    .   (no shield)
rNeg    . . .      Spirit   .   (helmet restricted)
rPois   .          Reflect  .   s - amulet of regeneration
rElec   +          Harm     .   c - +6 ring of dexterity
rCorr   .          Rampage  .   e - +4 ring of slaying
Will    .....                   i - ring of wizardry
Stlth   +++++.....              r - +4 ring of slaying
HPRegen 0.90/turn               (no ring)
MPRegen 0.15/turn               (no ring)
                                (no ring)
                                (no ring)

@: gold aura
A: almost no armour, amphibious, 8 rings, camouflage 1, gelatinous body 1,
(nimble swimmer 1), tentacles
a: Renounce Religion, Potion Petition, Call Merchant, Bribe Branch


You were on level 4 of the Dungeon.
You worshipped Gozag.
Gozag was aware of your devotion.
You visited 2 branches of the dungeon, and saw 5 of its levels.

You collected 172 gold pieces.
You paid 57 gold pieces to Gozag.

Inventory:

Hand Weapons
 a - a +1 dagger
 p - the +10 dagger of Grandeur (weapon) {holy, rElec MP+9}
   (You found it on level 2 of the Dungeon)

   It has been blessed by the Shining One to cause great damage to the undead
   and demons.
   rElec:     It insulates you from electricity.
   MP:        It affects your magic capacity (+9).
Jewellery
 c - a +6 ring of dexterity (left tentacle)
 e - a +4 ring of slaying (right tentacle)
 i - a ring of wizardry (on tentacle)
 r - a +4 ring of slaying (on tentacle)
 s - an amulet of regeneration (around mantle)
 t - a +6 ring of strength
 u - a ring of willpower
Scrolls
 f - a scroll of silence {unknown}
 j - a scroll of torment {unknown}
 k - 3 scrolls of identify {unknown}
 l - a scroll of teleportation {unknown}
 m - a scroll of magic mapping {unknown}
 o - a scroll of fog {unknown}
Potions
 b - 2 potions of invisibility
 d - 3 potions of flight {unknown}
 g - 3 potions of curing {unknown}
 h - 2 potions of haste {unknown}
 n - 2 potions of resistance {unknown}
 q - 2 potions of mutation {unknown}


   Skills:
 - Level 1.0 Short Blades
 - Level 2.0 Dodging
 + Level 8.5 Stealth
 - Level 2.0 Spellcasting
 - Level 3.0 Hexes


You had 6 spell levels left.
You knew the following spells:

 Your Spells              Type           Power      Damage    Failure   Level
a - Ensorcelled Hibernat  Hex/Ice        16%        N/A       5%          2

Your spell library contained the following spells:

 Spells                   Type           Power      Damage    Failure   Level
 Confusing Touch          Hex            14%        N/A       6%          3
 Tukima's Dance           Hex            14%        N/A       6%          3
 Dazzling Flash           Conj/Hex       16%        N/A       11%         3
 Portal Projectile        Hex/Tloc       16%        N/A       11%         3
 Call Canine Familiar     Summ           2%         N/A       19%         3
 Leda's Liquefaction      Hex/Erth       4%         N/A       32%         4


Dungeon Overview and Level Annotations

Branches:
Dungeon (4/15) Zot: 21128  Temple (1/1) D:4 Zot: 5919

Altars:
Ashenzari
Dithmenos
Elyvilon
Fedhas
Gozag
Hepliaklqana
Kikubaaqudgha
Makhleb
Nemelex Xobeh
Okawaru
Ru
Sif Muna
Trog
Uskayaw
Wu Jian
Xom
Yredelemnul
Zin
The Shining One


Innate Abilities, Weirdness & Mutations

You cannot wear most types of armour.
You are amphibious.
You can wear up to eight rings at the same time.
Your skin changes colour to match your surroundings (Stealth+).
Your rubbery body absorbs attacks. (AC +1, EV +1)
((You are camouflaged when in or above water. (Stealth+)))
You have tentacles for arms and can constrict up to eight enemies at once.


Message History

You hit something.
You hear some strange, mumbled words.
You are confused.
You bump into the rock wall.
Something hits you.
You take 3 damage, and have 28/31 hp.
Something hits you.
You take 2 damage, and have 26/31 hp.
You closely miss something. Your squeeze misses something. Something hits you.
You take 2 damage, and have 24/31 hp.
A magic dart appears from out of thin air!
The magic dart hits you!
You take 8 damage, and have 16/31 hp.
MASSIVE DAMAGE!!
The orc hits you with a +0 club. Something hits you.
You take 4 damage, and have 12/31 hp.
The orc hits you with a +0 club. Something hits you.
* * * LOW HITPOINT WARNING * * *
You take 4 damage, and have 8/31 hp.
You feel less confused.
The orc shouts!
You hit the orc. You grab the orc.
The orc is moderately wounded.
You constrict the orc. The orc hits you with a +0 club.
* * * LOW HITPOINT WARNING * * *
Something hits you.
* * * LOW HITPOINT WARNING * * *
You take 7 damage, and have 2/31 hp.
MASSIVE DAMAGE!!
You barely miss the orc.
The orc is heavily wounded.
You constrict the orc, but do no damage.
The orc completely misses you. Something hits you.
* * * LOW HITPOINT WARNING * * *
You take 1 damage, and have 1/31 hp.
You puncture the orc!
You kill the orc!
An orc wizard comes into view. It is wielding a +0 dagger.
You hear some strange, mumbled words.
A puff of flame appears from out of thin air!
The puff of flame hits you!
You die...
Your body crumbles into a pile of gold.

#......# #..)###.#.#######.#
#....#####.....#...#.....#+#
#........$...........##.....
..###....#.....#..........
#....##...............
+....##+#.............
#.................#...
..#....{......####......
~~.....$@....### #......
≈≈............# ####......
##............##..........
#........................
#.....>...................
..............o...........
#'#######.........###....
#....o....# #....
#.........# ###'#


You could see an orc wizard (wandering) and an orc.

Vanquished Creatures
  Natasha (thrice) (D:3)
  An adder (D:4)
  2 worms (D:3)
  A dart slug (D:4)
  10 orcs
  5 endoplasms
  A giant cockroach (D:1)
  4 goblins
  8 hobgoblins
  4 kobolds
  6 quokkas
  10 ball pythons
  5 bats
  A frilled lizard (D:1)
  4 rats
65 creatures vanquished.

Notes
Turn   | Place    | Note
-------+----------+-------------------------------------------
     0 | D:1      | Psyclone the Octopode Enchanter began the quest for the
                  | Orb.
     0 | D:1      | Reached XP level 1. HP: 11/11 MP: 3/3
   294 | D:1      | Reached XP level 2. HP: 17/17 MP: 5/5
   343 | D:1      | Found a faded altar of an unknown god.
   347 | D:1      | Learned a level 2 spell: Ensorcelled Hibernation
   396 | D:1      | Reached skill level 5 in Stealth
  1289 | D:2      | Reached XP level 3. HP: 14/21 MP: 6/6
  1431 | D:2      | Identified the +10 dagger of Grandeur {holy, rElec MP+9}
  1632 | D:2      | Reached skill level 6 in Stealth
  1985 | D:3      | Noticed Natasha
  1987 | D:3      | Killed Natasha
  1988 | D:3      | Reached skill level 7 in Stealth
  1988 | D:3      | Reached XP level 4. HP: 27/27 MP: 7/7
  2045 | D:3      | Noticed Natasha
  2056 | D:3      | Killed Natasha
  2116 | D:3      | Reached XP level 5. HP: 31/31 MP: 8/8
  2288 | D:3      | Noticed Natasha
  2295 | D:3      | Killed Natasha
  2296 | D:3      | Reached skill level 8 in Stealth
  2478 | D:4      | Found a staircase to the Ecumenical Temple.
  2513 | Temple   | Entered the Ecumenical Temple
  2573 | Temple   | Became a worshipper of Gozag Ym Sagoz the Greedy
  2958 | D:4      | HP: 1/31 [something (2)]
  2959 | D:4      | Killed from afar by an orc wizard

Illustrated notes

Levels and vault maps discovered:
D:1:      ebering_hopf_link, layout_basic, ebering_ecumenical_altar_ruins
D:2:      minmay_general_purpose_star, layout_rooms, minmay_cut_off
D:3:      layout_basic, uniq_natasha
D:4:      layout_basic, temple_fountains, serial_glass, glass_columns_a,
          glass_columns_c, feat_on_display, item_on_display_a, serial_shops,
          nicolae_shop_waterfront, minmay_door_square, saegor_snake_ambush
Temple:   hellmonk_temple_of_storms

Skill      XL: |  1  2  3  4  5 |
---------------+----------------+-----
Stealth        | 5 7 8 |  8.5
Short Blades   | |  1.0
Dodging        | |  2.0
Spellcasting   | |  2.0
Hexes          | |  3.0

Action                   |  1- 3 |  4- 6 || total
-------------------------+-------+-------++-------
Melee: Dagger            |    54 |    35 ||    89
       Constrict         |     9 |     7 ||    16
       Tentacles         |     4 |     5 ||     9
 Cast: Ensorcelled Hiber |       |     2 ||     2
 Stab: Sleeping          |    18 |     8 ||    26
       Distracted        |       |     1 ||     1
Armor: Skin              |     1 |     1 ||     2
Dodge: Dodged            |    16 |     6 ||    22
